 Dungeon Crawl Stone Soup version 0.26-a0-466-g989023bd0d (webtiles) character file.

Game seed: 1164996128021859186

24 mortelune the Skirmisher (level 3, 0/29 HPs)
             Began as a Formicid Abyssal Knight on Aug 4, 2020.
             Was a Follower of Lugonu.
             Succumbed to an adder's poison
             ... on level 2 of the Dungeon.
             The game lasted 00:02:35 (1683 turns).

mortelune the Skirmisher (Formicid Abyssal Knight)  Turns: 1683, Time: 00:02:36

Health: 0/29       AC:  8    Str: 17    XL:     3   Next: 15%
Magic:  4/4        EV: 10    Int: 11    God:    Lugonu [*.....]
Gold:   83         SH:  0    Dex: 10    Spells: 2/2 levels left

rFire    . . .     SeeInvis +   a - +1 falchion
rCold    . . .     Faith    .   (no shield)
rNeg     . . .     Spirit   .   c - +0 ring mail
rPois    .         Reflect  .   (helmet unavailable)
rElec    .         Harm     .   (no cloak)
rCorr    .                      (no gloves)
MR       .....                  f - +2 pair of boots
Stlth    ..........             (no amulet)
HPRegen  0.09/turn              (no ring)
MPRegen  0.09/turn              (no ring)

@: lethally poisoned (0 -> -7), stab
A: permanent stasis, dig shafts and tunnels, four strong arms, antennae 3
a: Dig, Shaft Self, Depart the Abyss, Renounce Religion


You were on level 2 of the Dungeon.
You worshipped Lugonu.
Lugonu was aware of your devotion.
You visited 1 branch of the dungeon, and saw 2 of its levels.
You visited the Abyss 1 time.

You collected 83 gold pieces.

Inventory:

Hand Weapons
 a - a +1 falchion (weapon)
Armour
 b - a +0 leather armour
 c - a +0 ring mail (worn)
 f - a +2 pair of boots (worn)
Scrolls
 i - a scroll of identify
 t - a scroll of teleportation


   Skills:
 + Level 3.6 Fighting
 * Level 2.8 Long Blades
 + Level 2.5 Armour
 - Level 0.8 Dodging
 - Level 2.1 Invocations


You had 2 spell levels left.
You didn't know any spells.
Your spell library was empty.

Dungeon Overview and Level Annotations

Branches:
Dungeon (2/15)

Altars:


Innate Abilities, Weirdness & Mutations

You cannot be hasted, slowed, berserked, paralysed or teleported.
You can dig through walls and to a lower floor.
Your four strong arms can wield two-handed weapons with a shield.
You have a pair of large antennae on your head. (SInv)


Message History

* * * LOW HITPOINT WARNING * * *
You feel sick.
* * * LOW HITPOINT WARNING * * *
You feel sick. The adder bites you but does no damage.
As you read the scroll labeled MEWKIN DIMAO, it crumbles to dust.
It is a scroll of identify.
i - a scroll of teleportation;
t - a scroll of teleportation
i - a scroll of identify The adder bites you but does no damage.
As you read the scroll labeled QANASEABEB, it crumbles to dust.
The dust glows pale yellow!
It was a scroll of random uselessness.
* * * LOW HITPOINT WARNING * * *
You feel sick. The adder bites you.
* * * LOW HITPOINT WARNING * * *
As you read the scroll labeled YGOOTO QALIMM, it crumbles to dust.
You assume a fearsome visage.
The adder looks frightened!
It was a scroll of fear.
* * * LOW HITPOINT WARNING * * *
You feel sick.
You die...

.# .# .#
..########.#
#..........#
#..........# ####
#..........# #...
#..........#### ##.#
.......@....... #.#
#..........#### #.#
#......S...# #.#
#..........# #.#
#..........# #.#
####..#'##.# #.#
##.#.##†# #.#
#.#.##.# #.#
#.#.##.###########.#


You could see an adder (fleeing).

Vanquished Creatures
  A dart slug (D:1)
  A leopard gecko (D:2)
  A bat (D:1)
  A hobgoblin (D:1)
  6 kobolds (D:1)
  A frilled lizard (D:1)
  5 goblins
  7 rats (D:1)
23 creatures vanquished.

Notes
Turn   | Place    | Note
-------+----------+-------------------------------------------
     0 | Abyss:1  | mortelune the Formicid Abyssal Knight began the quest for
                  | the Orb.
     0 | Abyss:1  | Reached XP level 1. HP: 18/18 MP: 2/2
    92 | Abyss:1  | Noticed a chaos spawn
   106 | D:1      | Escaped the Abyss
   513 | D:1      | Reached * piety under Lugonu
   582 | D:1      | Reached XP level 2. HP: 24/24 MP: 3/3
  1265 | D:1      | Reached XP level 3. HP: 27/29 MP: 4/4
  1681 | D:2      | HP: 1/29 [poisoned by an adder]
  1683 | D:2      | Succumbed to an adder's poison

Illustrated notes

Levels and vault maps discovered:
D:1:      dpeg_arrival_three_smaller_balls, layout_loops_ring
D:2:      layout_basic, uniq_jessica, uniq_natasha

Action                   || total
-------------------------++-------
Melee: Falchion          ||    68
Invok: Depart the Abyss  ||     1
  Use: Scroll            ||     3
       Potion            ||     1
Armor: Ring mail         ||    39
Dodge: Dodged            ||    45
       Rpst.: Falchion   ||    11

Table legend: (Time is in decaauts)
 A = Elapsed time spent in this place.
 B = Non-inter-level travel time spent in this place.
 C = Inter-level travel time spent in this place.
 D = Time resting spent in this place.
 E = Time spent auto-exploring this place.
 F = Levels seen in this place.
 G = Mean time per level.
                   A        B        C        D        E       F      G
               +--------+--------+--------+--------+--------+-----+--------+
         Total |   1695 |   1654 |     41 |    718 |    670 |   3 |  565.0 |
       Dungeon |   1588 |   1547 |     41 |    718 |    578 |   2 |  794.0 |
         Abyss |    106 |    106 |      0 |      0 |     92 |   1 |  106.0 |
               +--------+--------+--------+--------+--------+-----+--------+

Top non-repeatable levels by time:
     D:1: 1399 daAuts
     D:2: 189 daAuts
 Abyss:1: 106 daAuts
